 Dungeon Crawl Stone Soup version 0.31-a0-161-gb58dd9be76 (webtiles) character file.

Game seed: 13672599278685099919

3269 BlueFish the Charlatan (level 9, -3/69 (78) HPs)
             Began as a White Draconian Artificer on June 12, 2023.
             Was a Follower of Vehumet.
             Slain by a wight
             ... wielding a +3 hand axe
              (6 damage)
             ... on level 8 of the Dungeon on June 13, 2023.
             The game lasted 00:25:14 (10196 turns).

BlueFish the Charlatan (White Draconian Artificer) Turns: 10196, Time: 00:25:15

HP:   -3/69 (78)    AC:  8    Str: 15    XL:     9   Next: 68%
MP:   12/12         EV: 15    Int: 21    God:    Vehumet [*.....]
Gold: 411           SH:  0    Dex: 18    Spells: 12/12 levels left

rFire   . . .        a - +3 short sword
rCold   + . .        (no shield)
rNeg    . . .        (body armour unavailable)
rPois   .            (helmet restricted)
rElec   .            D - scarf {repulsion}
rCorr   .            (no gloves)
SInv    .            s - +0 pair of boots
Will    .....        (no amulet)
Stlth   +++          m - +6 ring of intelligence
HPRegen 0.31/turn    p - +6 ring of dexterity
MPRegen 0.13/turn

%: repel missiles
@: studying Short Blades, heavily drained
A: breathe frost, AC +7, unfitting armour, cold resistance 1, cold-blooded
a: Breathe Frost, Renounce Religion


You were on level 8 of the Dungeon.
You worshipped Vehumet.
Vehumet was aware of your devotion.
You visited 2 branches of the dungeon, and saw 9 of its levels.
You also visited: Sewer.

You collected 411 gold pieces.

Inventory:

Hand Weapons
 a - a +3 short sword (weapon)
 b - a +1 sling of freezing
 g - a +0 club
 k - a +0 dagger
 r - a +0 rapier
 J - a +0 short sword
Armour
 s - a +0 pair of boots (worn)
 D - a scarf of repulsion (worn)
Jewellery
 m - a +6 ring of intelligence (left hand)
 p - a +6 ring of dexterity (right hand)
 u - a ring of magical power
 v - a ring of willpower
 O - a ring of magical power
Wands
 c - a wand of charming (14)
 d - a wand of iceblast (13)
 f - a wand of flame (15)
 o - a wand of mindburst (5)
 N - a wand of polymorph (11)
Scrolls
 e - 2 scrolls of noise
 h - 2 scrolls of revelation {unknown}
 i - 2 scrolls of fear {unknown}
 j - 2 scrolls of blinking {unknown}
 n - 5 scrolls of identify
 q - a scroll of enchant weapon {unknown}
 t - a scroll of torment {unknown}
 y - a scroll of immolation {unknown}
 C - 2 scrolls of amnesia
 E - a scroll of teleportation {unknown}
 G - a scroll of acquirement {unknown}
 H - 3 scrolls of enchant armour {unknown}
 M - a scroll of summoning {unknown}
Potions
 l - 3 potions of degeneration
 w - 2 potions of cancellation {unknown}
 x - a potion of resistance {unknown}
 z - 2 potions of heal wounds {unknown}
 A - a potion of experience {unknown}
 B - a potion of curing
 F - 2 potions of haste {unknown}
 I - a potion of mutation {unknown}
 K - a potion of enlightenment {unknown}
 L - 3 potions of attraction {unknown}


   Skills:
 + Level 6.9 Fighting
 * Level 6.8 Short Blades
 + Level 6.1 Dodging
 + Level 6.2 Stealth
 + Level 2.0 Spellcasting
 + Level 7.0 Evocations


You had 12 spell levels left.
You didn't know any spells.
Your spell library contained the following spells:

 Spells                   Type           Power      Damage    Failure   Level
 Freeze                   Ice            8%         1d3       14%         1
 Cigotuvi's Dreadful Rot  Necr/Pois/Air  4%         N/A       22%         2
 Poisonous Vapours        Pois/Air       4%         N/A       22%         2
 Mephitic Cloud           Conj/Pois/Air  2%         N/A       41%         3
 Dispel Undead            Necr           2%         3d7       82%         4
 Freezing Cloud           Conj/Ice/Air   1%         6-21      99%         5
 Summon Forest            Summ/Tloc      1%         N/A       99%         5
 Death Channel            Necr           1%         N/A       100%        6
 Eringya's Noxious Bog    Tmut/Pois      1%         N/A       100%        6
 Summon Hydra             Summ           1%         N/A       100%        7


Dungeon Overview and Level Annotations

Branches:
Dungeon (8/15)             Temple (1/1) D:6           Sewer (visited)
   Lair: D:8-11

Altars:
Ashenzari
Cheibriados
Dithmenos
Elyvilon
Fedhas
Hepliaklqana
Kikubaaqudgha
Makhleb
Okawaru
Qazlal
Ru
Sif Muna
Trog
Uskayaw
Vehumet
Wu Jian
Xom
Yredelemnul
Zin
The Shining One

Shops:
D:1 =*[


Innate Abilities, Weirdness & Mutations

You can breathe waves of freezing cold which knock back foes.
Your icy white scales are hard. (AC +7)
You cannot fit into any form of body armour.
Your flesh is cold resistant. (rC+)
You are cold-blooded and may be slowed by cold attacks.


Message History

The wight is moderately damaged.
You feel very sick.
You hit the wight.
The wight is moderately damaged.
You feel sick. The wight completely misses you.
You feel sick. The wight hits you with a +3 hand axe.
The wight hits you with a +0 trident!
* * * LOW HITPOINT WARNING * * *
You feel drained.
* * * LOW HITPOINT WARNING * * *
There is an open door, spattered with blood here.
Items here: )) [[.
Okay, then.
As you read the scroll labelled LISCHORPHEOKK, it crumbles to dust.
You hear a loud clanging noise!
It was a scroll of noise.
You feel sick.
You hear a shout! x8
The wight hits you with a +3 hand axe.
* * * LOW HITPOINT WARNING * * *
You feel drained.
* * * LOW HITPOINT WARNING * * *
Something unseen opens the door.
A kobold comes into view. It is wielding a +0 dagger.
The wight closely misses you.
You feel better. The wight hits you with a +3 hand axe.
* * * LOW HITPOINT WARNING * * *
You feel drained.
* * * LOW HITPOINT WARNING * * *
A kobold comes into view. It is wielding a +0 club.
The wight hits you but does no damage. The wight barely misses you.
As you read the scroll labelled QUSINE XUTISOL, it crumbles to dust.
It is a scroll of amnesia.
You feel forgetful for a moment.
You have got your breath back.
The wight completely misses you. The wight hits you with a +0 trident.
* * * LOW HITPOINT WARNING * * *
The wight closely misses you. The wight barely misses you.
The wight attacks as you move away! The wight hits you with a +3 hand axe.
You die...

#....#.......#
##..##..###.#####
#..##..###)##..##
#...))...').....#
#........#).....#
#..##..###)##..######
##########.##..##....
#..#.......#.........
##..#@......#.........
#..zzz......#........#
#...#.......#........#
##..######..######....
#.. #..##..##.... ...
#..##.^#....# ....
#>.##..#.)..# .##KK
#..b...#[...# .. ##'
##......#....#


You could see 3 wights.

Vanquished Creatures
  A kobold demonologist (D:7)
  3 wyverns
  A steam dragon (D:8)
  A water moccasin (D:8)
  A sky beast (D:4)
  A black bear (D:7)
  A centaur (D:7)
  4 kobold brigands
  Blork the orc (D:4)
  2 bullfrogs
  A gnoll sergeant (D:8)
  4 scorpions
  9 wights
  5 killer bees (D:8)
  2 jellies
  3 orc priests (D:7)
  A hound (D:4)
  4 iguanas
  8 gnolls
  4 river rats (Sewer)
  6 adders
  2 white imps
  2 ufetubi
  4 worms
  A dart slug (D:3)
  11 orcs
  16 ball pythons
  7 endoplasms
  3 giant cockroaches
  3 goblins
  4 hobgoblins
  3 quokkas
  2 bats
  4 frilled lizards
  39 kobolds
  25 rats
  A butterfly (D:8)
190 creatures vanquished.

Vanquished Creatures (collateral kills)
  A river rat (Sewer)
  A ball python (Sewer)
  2 rats (Sewer)
4 creatures vanquished.

Grand Total: 194 creatures vanquished

Notes
Turn   | Place    | Note
-------+----------+-------------------------------------------
     0 | D:1      | BlueFish the Draconian Artificer began the quest for the
                  | Orb.
     0 | D:1      | Reached XP level 1. HP: 16/16 MP: 1/1
    31 | D:1      | Found Toetuveh's General Store.
    50 | D:1      | Reached skill level 1 in Stealth
    50 | D:1      | Reached XP level 2. HP: 23/23 MP: 2/2
    60 | D:1      | Found Puuttint's Jewellery Shop.
   189 | D:1      | Found Lyjososch's Antique Armour Emporium.
   574 | D:1      | Reached XP level 3. HP: 29/29 MP: 3/3
  1250 | D:3      | Found a shadowy altar of Dithmenos.
  2015 | D:4      | You fall into a shaft and drop 2 floors!
  2027 | D:6      | Found a glowing drain.
  2066 | Sewer    | Entered a sewer
  2126 | Sewer    | Reached XP level 4. HP: 37/37 MP: 4/4
  2508 | Sewer    | Noticed a kobold brigand
  2532 | Sewer    | Killed a kobold brigand
  2533 | Sewer    | Reached skill level 4 in Evocations
  2533 | Sewer    | Reached XP level 5. HP: 18/45 MP: 5/5
  3116 | D:6      | Found a staircase to the Ecumenical Temple.
  3129 | D:6      | Reached XP level 6. HP: 51/51 MP: 6/6
  3150 | Temple   | Entered the Ecumenical Temple
  3280 | D:5      | Entered Level 5 of the Dungeon
  3983 | D:4      | Found a hazy altar of Hepliaklqana.
  4149 | D:4      | Noticed Blork the orc
  4150 | D:4      | Found a radiant altar of Vehumet.
  4166 | D:4      | Killed Blork the orc
  4460 | D:4      | Found a bloodstained altar of Trog.
  5078 | D:5      | Noticed a sky beast
  5078 | D:5      | Found a stormy altar of Qazlal.
  5101 | D:4      | Your scales start taking on an icy white colour.
  5101 | D:4      | Reached XP level 7. HP: 43/59 MP: 7/7
  5101 | D:4      | Gained mutation: Your flesh is cold resistant. (rC+) [White
                  | Draconian growth]
  5166 | D:4      | Reached skill level 5 in Evocations
  5631 | D:5      | Found a white marble altar of Elyvilon.
  6172 | D:6      | Reached skill level 5 in Fighting
  6352 | D:7      | Found a glowing golden altar of the Shining One.
  6358 | D:7      | Noticed a wyvern
  6380 | D:7      | Killed a wyvern
  6381 | D:7      | Reached XP level 8. HP: 5/68 MP: 8/8
  6941 | D:7      | Reached skill level 5 in Dodging
  7026 | D:7      | Reached skill level 5 in Stealth
  7026 | D:7      | Reached skill level 6 in Evocations
  7143 | D:7      | Reached skill level 1 in Short Blades
  7272 | D:7      | Noticed a kobold demonologist
  7273 | D:7      | Noticed a red devil
  7309 | D:7      | Noticed a red devil
  7312 | D:7      | Noticed a red devil
  7317 | D:7      | Killed a kobold demonologist
  7856 | D:7      | Reached XP level 9. HP: 7/73 MP: 9/9
  7916 | D:4      | Became a worshipper of Vehumet
  9008 | D:8      | Reached skill level 5 in Short Blades
  9088 | D:8      | Reached skill level 1 in Spellcasting
  9327 | D:8      | Found a shimmering altar of Xom.
 10182 | D:8      | Reached * piety under Vehumet
 10182 | D:8      | Offered knowledge of Freeze by Vehumet.
 10189 | D:8      | Reached skill level 7 in Evocations
 10192 | D:8      | HP: 3/70 [wight/+3 hand axe (2)]
 10196 | D:8      | Slain by a wight

Illustrated notes

Levels and vault maps discovered:
D:1:      minmay_arrival_solitary_statue, layout_basic, serial_shops,
          nicolae_shop_tiny_statue_garden, shop, shop
D:2:      layout_rooms
D:3:      layout_loops_cross, grunt_dithmenos_smoke, serial_bayou_lagoon_a,
          nicolae_the_louvre
D:4:      layout_basic, mainiacjoe_overflow_alcove_2, lemuel_tele_altar,
          nicolae_overflow_hidden_temple, uniq_blork_the_orc
D:5:      layout_rooms, nicolae_elyvilon_temple_path,
          nicolae_qazlal_beasts_of_the_sky
D:6:      layout_basic, minmay_temple_entry_grid, cheibrodos_sewer_entry_drain,
          small_statue_intersection, lemuel_flamethrower_1
D:7:      layout_basic, mainiacjoe_overflow_tiny_flanked,
          kennysheep_generic_room_9
D:8:      layout_gridville, xom_butterflies
Temple:   hellmonk_temple_two_chambers

Skill      XL: |  1  2  3  4  5  6  7  8  9 |
---------------+----------------------------+-----
Stealth        | 1 2 3 4 5 6 |  6.2
Fighting       | 2 3 4 5 6 |  6.9
Dodging        | 3 4 5 6 |  6.1
Evocations     | 4 5 6 7 |  7.0
Short Blades   | 4 6 |  6.8
Spellcasting   | 2 |  2.0

Action                     |  1- 3 |  4- 6 |  7- 9 || total
---------------------------+-------+-------+-------++-------
  Melee: Club              |     3 |       |       ||     3
         Rapier            |    76 |   300 |    14 ||   390
         Short sword       |    29 |       |   317 ||   346
         Tailslap          |     9 |    43 |    53 ||   105
         Punch             |     2 |     3 |     7 ||    12
   Fire: Sling             |    55 |       |   107 ||   162
Ability: Breathe Frost     |       |       |    15 ||    15
  Evoke: Wand              |       |     3 |     4 ||     7
    Use: Scroll            |       |     1 |     2 ||     3
         Potion            |       |       |     1 ||     1
   Stab: Sleeping          |     1 |     3 |     2 ||     6
         Distracted        |       |     1 |       ||     1
 Armour: Skin              |    38 |   125 |    82 ||   245
  Dodge: Dodged            |    79 |   319 |   256 ||   654

Table legend: (Time is in decaauts)
 A = Elapsed time spent in this place.
 B = Non-inter-level travel time spent in this place.
 C = Inter-level travel time spent in this place.
 D = Time resting spent in this place.
 E = Time spent auto-exploring this place.
 F = Levels seen in this place.
 G = Mean time per level.
                   A        B        C        D        E       F      G
               +--------+--------+--------+--------+--------+-----+--------+
         Total |  10277 |   9909 |    368 |    221 |   6514 |  10 | 1027.7 |
       Dungeon |   9185 |   8817 |    368 |     89 |   5963 |   8 | 1148.1 |
        Temple |     21 |     21 |      0 |      0 |      0 |   1 |   21.0 |
         Sewer |   1070 |   1070 |      0 |    132 |    551 |   1 | 1070.0 |
               +--------+--------+--------+--------+--------+-----+--------+

Top non-repeatable levels by time:
     D:7: 2330 daAuts
     D:4: 1867 daAuts
     D:8: 1221 daAuts
   Sewer: 1070 daAuts
     D:5: 950 daAuts
     D:3: 779 daAuts
     D:6: 770 daAuts
     D:1: 759 daAuts
     D:2: 507 daAuts
  Temple: 21 daAuts
